[Event "January 9 Late 2024"]
[Site "https://www.chess.com"]
[Date "2024.01.09"]
[Round "7"]
[White "Haszon, David"]
[Black "Maltsevskaya, Aleksandra"]
[Result "1-0"]
[Board "109"]
[TimeControl "180+1"]
[WhiteFideId "733610"]
[BlackFideId "24174041"]
[WhiteElo "2410"]
[BlackElo "2554"]
[WhiteTeam "HUN"]
[BlackTeam "POL"]
[WhiteClock "0:01:50"]
[BlackClock "0:01:04"]

1. e4 c5 2. Nc3 e6 3. Nf3 Nc6 4. d4 cxd4 5. Nxd4 Nf6 6. Ndb5 Bc5 7. Bf4 O-O 8. Bc7 Qe7 9. Bd6 Bxd6 10. Qxd6 Qd8 11. O-O-O a6 12. Nd4 Nxd4 13. Qxd4 b5 14. e5 Ne8 15. f4 Qa5 16. a3 Rb8 17. Qb4 Qc7 18. Bd3 a5 19. Qe4 b4 20. Qxh7# 1-0

[Event "January 9 Late 2024"]
[Site "https://www.chess.com"]
[Date "2024.01.09"]
[Round "7"]
[White "Stachanczyk, Jacek"]
[Black "Aliakbarov, Anar"]
[Result "0-1"]
[Board "110"]
[TimeControl "180+1"]
[WhiteFideId "1116657"]
[BlackFideId "13401858"]
[WhiteElo "2407"]
[BlackElo "2547"]
[WhiteTeam "POL"]
[BlackTeam "TUR"]
[WhiteClock "0:00:40"]
[BlackClock "0:00:17"]

1. e4 e5 2. Nf3 Nc6 3. Bb5 a6 4. Ba4 Nf6 5. O-O Be7 6. Re1 b5 7. Bb3 d6 8. c3 O-O 9. h3 Na5 10. Bc2 c5 11. d4 Qc7 12. Nbd2 cxd4 13. cxd4 Bb7 14. Nf1 Rac8 15. Bd3 d5 16. exd5 exd4 17. Nxd4 Nxd5 18. Nf5 Bf6 19. Qg4 Nc4 20. Bh6 Ne5 21. Qg3 Nxd3 22. Qxd3 gxh6 23. Nxh6+ Kh8 24. Ng3 Nf4 25. Qf5 Bg7 26. Rac1 Qxc1 27. Rxc1 Rxc1+ 28. Kh2 Bxh6 29. Qf6+ Bg7 30. Qxf4 Rc5 31. h4 Be5 32. Qe3 Rfc8 33. f4 Bf6 34. Nh5 Rxh5 0-1

[Event "January 9 Late 2024"]
[Site "https://www.chess.com"]
[Date "2024.01.09"]
[Round "7"]
[White "Serban, Cristian-Stefan"]
[Black "Bogaudinov, Rushan"]
[Result "1-0"]
[Board "111"]
[TimeControl "180+1"]
[WhiteFideId "1241443"]
[BlackFideId "4129288"]
[WhiteElo "2546"]
[BlackElo "2402"]
[WhiteTeam "ROU"]
[BlackTeam "RUS"]
[WhiteClock "0:01:26"]
[BlackClock "0:00:00"]

1. Nf3 d5 2. e3 e6 3. b3 a5 4. a3 Nf6 5. Bb2 Be7 6. c4 O-O 7. Nc3 c6 8. g3 Bd7 9. Bg2 b5 10. Ne5 bxc4 11. bxc4 Na6 12. O-O Rb8 13. Rb1 Qc7 14. d4 dxc4 15. Nxc4 Nd5 16. Qd3 Rb3 17. Nd2 Rb6 18. Na4 Rb5 19. e4 Nf6 20. Nc3 Rb6 21. Nc4 Rbb8 22. Ne5 Ra8 23. Na4 Rfb8 24. Rfc1 Be8 25. d5 exd5 26. exd5 c5 27. d6 Qxd6 28. Bxa8 1-0

[Event "January 9 Late 2024"]
[Site "https://www.chess.com"]
[Date "2024.01.09"]
[Round "7"]
[White "Gerbelli Neto, Eduardo"]
[Black "Ferreira, Vitor Hugo Vieira"]
[Result "0-1"]
[Board "112"]
[TimeControl "180+1"]
[WhiteFideId "2103281"]
[BlackFideId "2119765"]
[WhiteElo "2374"]
[BlackElo "2544"]
[WhiteTeam "BRA"]
[BlackTeam "BRA"]
[WhiteClock "0:00:00"]
[BlackClock "0:01:13"]

1. e4 c5 2. Nc3 Nc6 3. f4 d6 4. Nf3 g6 5. Bb5 Bd7 6. O-O Bg7 7. d3 h5 8. Bxc6 Bxc6 9. f5 e6 10. fxg6 fxg6 11. Qe1 Qe7 12. Nh4 Bd4+ 13. Kh1 Qg7 14. Bg5 Ne7 15. Ne2 Bxb2 16. Nf4 Bxa1 17. Nxe6 Qc3 18. Bd2 Qe5 19. Nc7+ Kd7 20. Nxa8 Rxa8 21. Qxa1 Qxa1 22. Rxa1 Rf8 23. Kg1 d5 24. Bg5 Rg8 25. Re1 dxe4 26. dxe4 Nc8 27. Nf3 Ke6 28. Be3 b6 29. Ng5+ Ke7 30. Rf1 Nd6 31. e5 Nf5 32. Bf4 Rd8 33. h3 Rd4 34. g4 hxg4 35. hxg4 Nh4 36. Kh2 Rc4 37. Rf2 Ng2 38. Nh3 Nxf4 39. Nxf4 Be4 40. Re2 Rxc2 41. Rxc2 Bxc2 42. Nd5+ Ke6 43. Nc7+ Kxe5 44. Nb5 a5 0-1

[Event "January 9 Late 2024"]
[Site "https://www.chess.com"]
[Date "2024.01.09"]
[Round "7"]
[White "Gasparyan, David"]
[Black "Play, Gilles"]
[Result "1/2-1/2"]
[Board "113"]
[TimeControl "180+1"]
[WhiteFideId "13311980"]
[BlackFideId "45130892"]
[WhiteElo "2541"]
[BlackElo "2523"]
[WhiteTeam "USA"]
[BlackTeam "FRA"]
[WhiteClock "0:00:02"]
[BlackClock "0:00:08"]

1. Nf3 e6 2. e4 d5 3. exd5 exd5 4. d4 Nf6 5. Ne5 Bd6 6. Be2 O-O 7. O-O Nbd7 8. Bf4 Re8 9. Nd3 Qe7 10. Nc3 c6 11. Re1 Bxf4 12. Nxf4 Qb4 13. a3 Qd6 14. g3 Nb6 15. b3 Bf5 16. Nd3 Ne4 17. Nxe4 dxe4 18. Nc5 e3 19. f4 Nd5 20. Nxb7 Qg6 21. Bd3 Re7 22. Nc5 Rae8 23. Bxf5 Qxf5 24. Qd3 Qg4 25. Qe2 Qg6 26. Qd3 f5 27. Kh1 Qg4 28. Qe2 Qh3 29. Nd3 Nc3 30. Qg2 Qh5 31. Ne5 Ne4 32. Rxe3 c5 33. d5 g5 34. c4 gxf4 35. gxf4+ Rg7 36. Qf3 Ng3+ 37. Qxg3 Rxg3 38. Rxg3+ Kf8 39. Rag1 Ke7 40. Rg7+ Kd8 41. Nc6+ Kc8 42. Nxa7+ Kb8 43. Nc6+ Kc8 44. Na7+ Kb8 45. Nc6+ Kc8 46. Ne7+ Kd8 47. Nc6+ Kc8 1/2-1/2

[Event "January 9 Late 2024"]
[Site "https://www.chess.com"]
[Date "2024.01.09"]
[Round "7"]
[White "Lemos, Dawton Almino"]
[Black "Gurevich, Dmitry"]
[Result "0-1"]
[Board "114"]
[TimeControl "180+1"]
[WhiteFideId "2146797"]
[BlackFideId "2000407"]
[WhiteElo "2354"]
[BlackElo "2538"]
[WhiteTeam "BRA"]
[BlackTeam "USA"]
[WhiteClock "0:00:15"]
[BlackClock "0:00:40"]

1. Nf3 Nf6 2. g3 g6 3. Bg2 Bg7 4. O-O O-O 5. d3 c5 6. Nbd2 d5 7. e4 dxe4 8. dxe4 Qc7 9. Qe2 e5 10. a4 b6 11. c3 Ba6 12. Nc4 Nc6 13. Nfd2 Na5 14. b3 Ne8 15. Rd1 Nd6 16. Rb1 Rad8 17. Bf1 Nxb3 18. Rxb3 Nxc4 19. Nxc4 Bxc4 20. Qc2 Bxb3 21. Qxb3 c4 22. Qc2 Rxd1 23. Qxd1 Rd8 24. Qc2 Bf8 25. Qe2 Rd3 26. Qc2 Qd7 27. Bxd3 cxd3 28. Qd1 Bc5 29. Kg2 f5 30. f3 fxe4 31. fxe4 h5 32. h3 Kg7 33. Bg5 Qf7 34. Qf3 Qa2+ 35. Kh1 Qb1+ 0-1

[Event "January 9 Late 2024"]
[Site "https://www.chess.com"]
[Date "2024.01.09"]
[Round "7"]
[White "Kopczynski, Michal"]
[Black "Sarkar, Justin"]
[Result "1-0"]
[Board "115"]
[TimeControl "180+1"]
[WhiteFideId "1124200"]
[BlackFideId "2010011"]
[WhiteElo "2533"]
[BlackElo "2324"]
[WhiteTeam "POL"]
[BlackTeam "USA"]
[WhiteClock "0:00:36"]
[BlackClock "0:00:00"]

1. e4 e5 2. Nf3 Nc6 3. Bb5 a6 4. Ba4 Nf6 5. d3 b5 6. Bb3 d6 7. h3 Be7 8. a4 b4 9. O-O O-O 10. Re1 Na5 11. Ba2 c5 12. Nbd2 Be6 13. c3 Rb8 14. Nf1 bxc3 15. bxc3 Nb3 16. Bxb3 Bxb3 17. Qe2 Qa5 18. Bd2 c4 19. d4 Rfe8 20. Ng3 Bf8 21. d5 Nd7 22. Nf5 Nc5 23. N3h4 g6 24. Nh6+ Bxh6 25. Bxh6 Qxc3 26. Rac1 Qd3 27. Qg4 c3 28. Re3 Qd2 29. Rcxc3 Bd1 30. Qg5 Nd7 31. Nf5 f6 32. Qg3 Rb1 33. Kh2 Bxa4 34. Nxd6 Qd1 35. Qg4 Qg1+ 36. Kg3 f5 37. exf5 1-0

[Event "January 9 Late 2024"]
[Site "https://www.chess.com"]
[Date "2024.01.09"]
[Round "7"]
[White "Diaz, Fernando"]
[Black "Khater, Sherif"]
[Result "0-1"]
[Board "116"]
[TimeControl "180+1"]
[WhiteFideId "3701255"]
[BlackFideId "2034280"]
[WhiteElo "2321"]
[BlackElo "2528"]
[WhiteTeam "PAR"]
[BlackTeam "USA"]
[WhiteClock "0:00:00"]
[BlackClock "0:00:54"]

1. e4 g6 2. d4 Bg7 3. Nc3 d6 4. Be3 a6 5. a4 b6 6. f3 Bb7 7. Bc4 e6 8. Nh3 Ne7 9. Qd2 O-O 10. Bh6 d5 11. exd5 Nxd5 12. Nxd5 Bxd5 13. Bxd5 Qxd5 14. Bxg7 Kxg7 15. O-O Nc6 16. c3 e5 17. Rad1 exd4 18. cxd4 Rad8 19. Qc3 Nxd4 20. Nf4 Qe5 21. g3 c5 22. Rde1 Qf6 23. Kg2 Rfe8 24. b4 Nf5 25. Qxf6+ Kxf6 26. bxc5 Ne3+ 27. Rxe3 Rxe3 28. cxb6 Rd2+ 29. Rf2 Rxf2+ 30. Kxf2 Rb3 31. h4 Ke5 32. a5 Kd6 33. Ne2 Rb2 34. Ke3 Ra2 35. Nd4 Rxa5 36. b7 Ra3+ 37. Ke4 Kc7 38. Nc6 Kxb7 39. Nd8+ Kb6 40. Nxf7 a5 41. Ng5 a4 42. Nxh7 Rc3 43. Nf8 a3 44. Nd7+ Kb5 45. Kd4 Rc1 46. Ne5 a2 47. Nd3 a1=Q+ 48. Ke4 Rc4+ 49. Ke3 Qd4+ 50. Ke2 Rc2+ 0-1

[Event "January 9 Late 2024"]
[Site "https://www.chess.com"]
[Date "2024.01.09"]
[Round "7"]
[White "Tan, Ralph"]
[Black "Kujawski, Adam"]
[Result "1-0"]
[Board "117"]
[TimeControl "180+1"]
[WhiteFideId "30966590"]
[BlackFideId "1100920"]
[WhiteElo "2527"]
[BlackElo "2302"]
[WhiteTeam "USA"]
[BlackTeam "POL"]
[WhiteClock "0:01:08"]
[BlackClock "0:00:00"]

1. e4 Nf6 2. e5 Nd5 3. d4 d6 4. c4 Nb6 5. Nf3 Bg4 6. exd6 cxd6 7. b3 g6 8. Be2 Bg7 9. O-O O-O 10. Bb2 Nc6 11. Nbd2 e5 12. dxe5 dxe5 13. Ne4 Qe7 14. h3 Rad8 15. Qc1 Bxf3 16. Bxf3 Nd4 17. Ba3 Qh4 18. Bxf8 Nxf3+ 19. gxf3 Rxf8 20. Kg2 Bh6 21. Qd1 f5 22. Ng3 f4 23. Ne4 Rd8 24. Qe2 Nc8 25. Rad1 Re8 26. c5 Ne7 27. Qc4+ 1-0

[Event "January 9 Late 2024"]
[Site "https://www.chess.com"]
[Date "2024.01.09"]
[Round "7"]
[White "Liu, Kelsey"]
[Black "Martin Barcelo, Carles"]
[Result "1-0"]
[Board "118"]
[TimeControl "180+1"]
[WhiteFideId "30944481"]
[BlackFideId "24561444"]
[WhiteElo "2296"]
[BlackElo "2526"]
[WhiteTeam "USA"]
[BlackTeam "ESP"]
[WhiteClock "0:00:03"]
[BlackClock "0:00:00"]

1. d4 d5 2. c4 e6 3. Nc3 Bb4 4. Qc2 dxc4 5. e3 c5 6. dxc5 Nc6 7. Bxc4 Bxc5 8. Nf3 Nf6 9. O-O O-O 10. Rd1 Qe7 11. a3 a6 12. b4 Bd6 13. Bb2 b5 14. Bd3 Bb7 15. Ne4 Nxe4 16. Bxe4 h6 17. Bxc6 Rac8 18. Qc3 f6 19. Nd4 Be5 20. Qd2 Bxc6 21. Nxc6 Rxc6 22. Bxe5 fxe5 23. Rac1 Rxc1 24. Rxc1 Rd8 25. Qc3 Qd6 26. h3 Qd5 27. Qc6 Qd6 28. Kf1 Kf7 29. Qxd6 Rxd6 30. Ke2 e4 31. Rd1 Rc6 32. Kd2 Kf6 33. Rc1 Rxc1 34. Kxc1 Ke5 35. Kd2 Kd5 36. Kc3 Ke5 37. Kb3 Kd6 38. a4 Kc6 39. Ka3 Kd6 40. Kb3 Kd5 41. axb5 axb5 42. Kc3 Ke5 43. Kb3 Kd5 44. Kc3 g6 45. Kb3 Ke5 46. Kc3 Kd5 47. Kb3 e5 48. Kc3 h5 49. Kb3 g5 50. Kc3 Kd6 51. Kb3 Ke6 52. Kc3 Kf5 53. Kd2 h4 54. Ke2 Ke6 55. Kd2 Kd6 56. Kc3 Kd7 57. Kb3 Ke7 58. Kc3 Kf6 59. Kb3 Kf5 60. Kc3 Kg6 61. Kd2 Kf6 62. Ke2 Kf5 63. Kd2 Ke6 64. Kc3 Ke7 65. Kb3 Kf7 66. Kc3 Kg8 67. Kd2 Kh8 68. Ke2 Kh7 69. f3 exf3+ 70. Kxf3 Kg6 71. Ke4 Kf6 72. Kd5 Kf5 73. Kc5 Ke4 74. Kxb5 Kxe3 75. Kc4 e4 76. b5 1-0

[Event "January 9 Late 2024"]
[Site "https://www.chess.com"]
[Date "2024.01.09"]
[Round "7"]
[White "Kornyukov, Alexey"]
[Black "Urbina Perez, Juan Antonio"]
[Result "1-0"]
[Board "119"]
[TimeControl "180+1"]
[WhiteFideId "4150457"]
[BlackFideId "2217368"]
[WhiteElo "2284"]
[BlackElo "2524"]
[WhiteTeam "RUS"]
[BlackTeam "ESP"]
[WhiteClock "0:00:10"]
[BlackClock "0:00:22"]

1. d4 Nf6 2. c4 d6 3. Nc3 e5 4. d5 Bf5 5. f3 e4 6. g4 Nxg4 7. fxg4 Qh4+ 8. Kd2 e3+ 9. Kxe3 Qg5+ 10. Kf2 Qh4+ 11. Ke3 Qxg4 12. Nf3 g6 13. Qd4 Qh5 14. Qxh8 Nd7 15. Kf2 O-O-O 16. Qd4 Ne5 17. Qh4 Ng4+ 18. Ke1 Qxh4+ 19. Nxh4 Bd7 20. Bh3 Re8 21. Nf3 Bg7 22. Bxg4 Bxg4 23. Kf2 h5 24. Bd2 Bf6 25. h3 Bf5 26. Bg5 Bg7 27. e4 Bd7 28. Rae1 a6 29. Bf4 b5 30. e5 b4 31. Nb1 Bf5 32. exd6 Rf8 33. Be5 Bh6 34. dxc7 f6 35. Bd6 Rg8 36. c5 Kd7 37. Nd4 Bd3 38. Re7+ Kc8 39. Rhe1 1-0

[Event "January 9 Late 2024"]
[Site "https://www.chess.com"]
[Date "2024.01.09"]
[Round "7"]
[White "Albuquerque Junior,Wellington S."]
[Black "Ottosen, David"]
[Result "1-0"]
[Board "120"]
[TimeControl "180+1"]
[WhiteFideId "2151480"]
[BlackFideId "2603080"]
[WhiteElo "2369"]
[BlackElo "2170"]
[WhiteTeam "BRA"]
[BlackTeam "CAN"]
[WhiteClock "0:00:36"]
[BlackClock "0:00:00"]

1. c4 e5 2. g3 Nf6 3. Bg2 d5 4. cxd5 Nxd5 5. Nc3 Nb6 6. e3 Nc6 7. Nge2 Be7 8. O-O O-O 9. f4 exf4 10. Nxf4 Bf6 11. d4 Re8 12. Nh5 Bg5 13. Qf3 Qe7 14. Nf4 Nc4 15. Ncd5 Qd8 16. b3 Nd6 17. h4 Be7 18. Bb2 Bf8 19. Nh5 Be6 20. Ndf4 Bf5 21. g4 Be4 22. Qg3 Bxg2 23. Nxg2 Ne4 24. Qf4 g6 25. Ng3 Nd6 26. e4 Qd7 27. d5 1-0

[Event "January 9 Late 2024"]
[Site "https://www.chess.com"]
[Date "2024.01.09"]
[Round "7"]
[White "Rama, Tejas"]
[Black "Svicevic, Rastko"]
[Result "1-0"]
[Board "121"]
[TimeControl "180+1"]
[WhiteFideId "30907381"]
[BlackFideId "916315"]
[WhiteElo "2623"]
[BlackElo "2252"]
[WhiteTeam "USA"]
[BlackTeam "SRB"]
[WhiteClock "0:00:28"]
[BlackClock "0:00:35"]

1. d4 d5 2. c4 e6 3. Nf3 c6 4. e3 f5 5. Bd3 Nf6 6. O-O Bd6 7. b3 Qe7 8. Ne5 O-O 9. Bb2 Nbd7 10. cxd5 exd5 11. f4 Ne4 12. Nd2 Ndf6 13. Ndf3 Be6 14. Qc2 Rac8 15. a3 Bxe5 16. Nxe5 Nd7 17. b4 Nxe5 18. dxe5 c5 19. bxc5 Rxc5 20. Qe2 Rfc8 21. Bd4 Ra5 22. Qb2 b6 23. Qb4 Qd7 24. Rfc1 Nc5 25. Be2 Ra4 26. Bb5 Rxb4 27. Bxd7 Rxd4 28. Bxe6+ 1-0

[Event "January 9 Late 2024"]
[Site "https://www.chess.com"]
[Date "2024.01.09"]
[Round "7"]
[White "Ibadov, Dashgyn"]
[Black "Andrews, Todd"]
[Result "0-1"]
[Board "122"]
[TimeControl "180+1"]
[WhiteFideId "24107514"]
[BlackFideId "2012456"]
[WhiteElo "2622"]
[BlackElo "2442"]
[WhiteTeam "FID"]
[BlackTeam "USA"]
[WhiteClock "0:00:00"]
[BlackClock "0:00:11"]

1. e4 e6 2. d4 d5 3. Nc3 Bb4 4. e5 c5 5. a3 Bxc3+ 6. bxc3 Ne7 7. h4 Qc7 8. Rb1 Nbc6 9. h5 h6 10. Qg4 cxd4 11. cxd4 Nf5 12. Nf3 Ncxd4 13. Nxd4 Qc3+ 14. Bd2 Qxd4 15. Bb5+ Kd8 16. Qe2 b6 17. Bd3 Re8 18. O-O Ng3 19. Qf3 Nxf1 20. Rxf1 Qxe5 21. Re1 Qc7 22. Bf4 Qd7 23. Qg3 f6 24. a4 Bb7 25. a5 e5 26. Bd2 Rc8 27. axb6 axb6 28. Rb1 e4 29. Bb5 Bc6 30. Ba6 Ra8 31. Bf1 Qc7 32. Qg4 b5 33. Be3 Qd7 34. Qg3 f5 35. Rd1 Kc8 36. Rb1 Qc7 37. Qg6 Qd7 0-1

[Event "January 9 Late 2024"]
[Site "https://www.chess.com"]
[Date "2024.01.09"]
[Round "7"]
[White "Yurovskykh, Oleksandr"]
[Black "Jarocka, Liwia"]
[Result "1-0"]
[Board "123"]
[TimeControl "180+1"]
[WhiteFideId "14134020"]
[BlackFideId "21807558"]
[WhiteElo "2614"]
[BlackElo "2418"]
[WhiteTeam "UKR"]
[BlackTeam "POL"]
[WhiteClock "0:01:13"]
[BlackClock "0:01:58"]

1. d4 d6 2. Nf3 g6 3. c4 Bg7 4. Nc3 Nf6 5. e4 O-O 6. Be2 e5 7. dxe5 dxe5 8. Qxd8 Rxd8 9. Bg5 Re8 10. Nd5 Nxd5 11. cxd5 c6 12. Bc4 cxd5 13. Bxd5 Nc6 14. O-O Be6 15. Bxe6 Rxe6 16. Rfd1 Nd4 17. Be3 Nc2 18. Rac1 Nxe3 19. fxe3 Bh6 20. Kf2 Rb6 21. b3 Ra6 22. Rc2 Re8 23. Rd7 b6 24. a4 Bf8 25. Rcc7 f6 26. Rxh7 b5 27. axb5 Ra2+ 28. Kg3 Rb2 29. Nh4 Rxb3 30. Nxg6 Rxe3+ 31. Kf2 Rxe4 32. Rh8# 1-0

[Event "January 9 Late 2024"]
[Site "https://www.chess.com"]
[Date "2024.01.09"]
[Round "7"]
[White "Buchenau, Frank"]
[Black "Leenhouts, Koen"]
[Result "1-0"]
[Board "124"]
[TimeControl "180+1"]
[WhiteFideId "4604350"]
[BlackFideId "1008439"]
[WhiteElo "2415"]
[BlackElo "2550"]
[WhiteTeam "GER"]
[BlackTeam "NED"]
[WhiteClock "0:00:12"]
[BlackClock "0:01:02"]

1. e4 d5 2. exd5 Qxd5 3. Nc3 Qd8 4. d4 Nf6 5. Nf3 Bg4 6. h3 Bxf3 7. Qxf3 c6 8. Be3 e6 9. O-O-O Nbd7 10. Kb1 Bb4 11. Ne4 Nxe4 12. Qxe4 Nf6 13. Qf3 Qd5 14. Be2 Qxf3 15. Bxf3 O-O-O 16. c3 Be7 17. c4 Rd7 18. g4 Rhd8 19. g5 Ne8 20. d5 cxd5 21. cxd5 Nc7 22. dxe6 Nxe6 23. Rxd7 Rxd7 24. Rc1+ Rc7 25. h4 Rxc1+ 26. Kxc1 Bc5 27. Kd2 Bxe3+ 28. Kxe3 Kc7 29. Bd5 Nd8 30. f4 Kd6 31. Kd4 f6 32. Be4 h6 33. gxh6 gxh6 34. b4 Ne6+ 35. Ke3 b6 36. a3 Nc7 37. Bd3 Kd5 38. Be2 Ne8 39. Kf3 Kd4 40. Kg4 Nd6 41. Kh5 Ke3 42. Ba6 Kxf4 43. Kxh6 Kg4 44. h5 f5 45. Kg6 Ne4 46. h6 Ng5 47. Bc8 Kf4 48. Bxf5 a5 49. bxa5 bxa5 50. a4 1-0

[Event "January 9 Late 2024"]
[Site "https://www.chess.com"]
[Date "2024.01.10"]
[Round "7"]
[White "Nouali, Mohamed"]
[Black "Ozen, Metehan"]
[Result "0-1"]
[Board "125"]
[TimeControl "180+1"]
[WhiteFideId "5502462"]
[BlackFideId "34596054"]
[WhiteElo "2542"]
[BlackElo "2415"]
[WhiteTeam "TUN"]
[BlackTeam "TUR"]
[WhiteClock "0:00:00"]
[BlackClock "0:00:53"]

1. e4 c5 2. Nf3 d6 3. d4 cxd4 4. Nxd4 Nf6 5. Nc3 a6 6. Bc4 e6 7. Bb3 Qc7 8. Bg5 Nbd7 9. f4 Nc5 10. Bxf6 gxf6 11. Qh5 Nxb3 12. axb3 Qc5 13. Qxc5 dxc5 14. Nf3 Bd6 15. g3 Ke7 16. Ke2 Bd7 17. Rhd1 Bc6 18. Rd2 Rad8 19. Rad1 Bc7 20. Rxd8 Rxd8 21. Rxd8 Bxd8 22. Ke3 b5 23. Ne2 Bb6 24. c4 Bc7 25. g4 a5 26. cxb5 Bxb5 27. Nc3 Bc6 28. Nd2 f5 29. gxf5 exf5 30. exf5 Kf6 31. Nde4+ Kxf5 32. Nxc5 Bxf4+ 33. Kd3 Bxh2 34. Ke2 Bd6 35. Nd3 h5 36. Kf2 h4 37. Ne2 Kg4 38. Kg1 Bb5 39. Nf2+ Kh5 40. Nd4 Bd7 41. Ne4 Be7 42. Kh2 f5 43. Nc3 Bd6+ 44. Kg2 Kg4 45. Nd5 h3+ 46. Kh1 Bc8 47. Nf6+ Kg5 48. Ne8 Bb7+ 49. Kg1 h2+ 0-1

[Event "January 9 Late 2024"]
[Site "https://www.chess.com"]
[Date "2024.01.09"]
[Round "7"]
[White "Stojanovski, Sandi"]
[Black "Krzywda, Andrzej"]
[Result "0-1"]
[Board "126"]
[TimeControl "180+1"]
[WhiteFideId "1403249"]
[BlackFideId "1114565"]
[WhiteElo "2518"]
[BlackElo "2407"]
[WhiteTeam "DEN"]
[BlackTeam "POL"]
[WhiteClock "0:00:00"]
[BlackClock "0:00:31"]

1. c4 e6 2. d4 d5 3. Nc3 Nf6 4. Bg5 dxc4 5. e4 c5 6. Nf3 cxd4 7. Qxd4 Qxd4 8. Nxd4 Bb4 9. f3 Bxc3+ 10. bxc3 Bd7 11. Bxc4 Nc6 12. Nb5 O-O 13. O-O-O Ne5 14. Be2 Rac8 15. Kb2 Bxb5 16. Bxb5 Rc5 17. Be2 Rfc8 18. Bd2 Nc4+ 19. Bxc4 Rxc4 20. Rc1 Nd7 21. Rhd1 Nc5 22. Be1 f6 23. Rd6 b5 24. Rcd1 Na4+ 25. Kb3 Nc5+ 26. Kc2 Kf7 27. Rd8 Rc7 28. Kb1 Ke7 29. Ra8 Na4 30. Rd3 e5 31. Rg8 Kf7 32. Rgd8 Kg6 33. R8d7 a6 0-1

[Event "January 9 Late 2024"]
[Site "https://www.chess.com"]
[Date "2024.01.09"]
[Round "7"]
[White "Meduri, Aakaash"]
[Black "Jaiveer Mahendru"]
[Result "1-0"]
[Board "127"]
[TimeControl "180+1"]
[WhiteFideId "2032252"]
[BlackFideId "25611151"]
[WhiteElo "2404"]
[BlackElo "2503"]
[WhiteTeam "USA"]
[BlackTeam "IND"]
[WhiteClock "0:00:05"]
[BlackClock "0:00:18"]

1. e4 c5 2. d4 cxd4 3. c3 dxc3 4. Nxc3 Nc6 5. Bc4 g6 6. Nf3 Bg7 7. O-O Nh6 8. h3 O-O 9. Be3 Kh8 10. Rc1 Ng8 11. Ng5 Nh6 12. Qd2 d6 13. Rfd1 Bd7 14. f4 Rc8 15. Be2 Qa5 16. a3 f6 17. Nf3 f5 18. e5 Nf7 19. b4 Qxa3 20. Ra1 Qxb4 21. Rdb1 Qxc3 22. Qxc3 Ncxe5 23. Qb3 Rc3 24. Qxb7 Bc6 25. Qxa7 Nxf3+ 26. Bxf3 Bxf3 27. gxf3 e5 28. Rb7 Kg8 29. Rb8 exf4 30. Rxf8+ Bxf8 31. Bd4 Rxf3 32. Qb8 Rg3+ 33. Kf2 Ng5 34. Ra8 Ne4+ 35. Ke2 f3+ 36. Kd1 Kf7 37. Qxf8+ Ke6 38. Qg8+ Kd7 39. Ra7+ Kc6 40. Qc4+ Nc5 41. Bxc5 dxc5 42. Qe6+ Kb5 43. Rb7+ Ka4 44. Qa6# 1-0

[Event "January 9 Late 2024"]
[Site "https://www.chess.com"]
[Date "2024.01.09"]
[Round "7"]
[White "Gutierrez Olivares, Daniel"]
[Black "Harriott, Tyrell"]
[Result "0-1"]
[Board "128"]
[TimeControl "180+1"]
[WhiteFideId "2264005"]
[BlackFideId "2086484"]
[WhiteElo "2481"]
[BlackElo "2362"]
[WhiteTeam "ESP"]
[BlackTeam "USA"]
[WhiteClock "0:00:16"]
[BlackClock "0:00:05"]

1. Nf3 d5 2. c4 e6 3. g3 f5 4. Bg2 c6 5. b3 Bd6 6. Bb2 Nf6 7. Nc3 O-O 8. cxd5 exd5 9. O-O f4 10. d3 Qe8 11. Qd2 fxg3 12. hxg3 h6 13. e4 Ng4 14. Ne2 Qh5 15. Nf4 Bxf4 16. gxf4 dxe4 17. dxe4 Nd7 18. Qd4 Ndf6 19. Rfc1 b6 20. Rxc6 Bb7 21. Re6 Rad8 22. Qc3 Ba6 23. Bf1 Bxf1 24. Kxf1 Rf7 25. Ke2 Rfd7 26. Rg1 Rd3 27. Qc4 Kh7 28. Rg3 Qh1 29. Qxd3 Rxd3 30. Kxd3 Qd1+ 31. Nd2 Nxf2+ 32. Kc3 Qe1 33. Kc2 Qe2 34. Bxf6 gxf6 35. Re7+ Kh8 36. Re8+ Kh7 37. Reg8 Qd1+ 38. Kc3 Qc1+ 39. Kb4 Qc5+ 40. Ka4 Qa5# 0-1

[Event "January 9 Late 2024"]
[Site "https://www.chess.com"]
[Date "2024.01.09"]
[Round "7"]
[White "Shohat, Yotam"]
[Black "Sohier, Julien"]
[Result "0-1"]
[Board "129"]
[TimeControl "180+1"]
[WhiteFideId "2813955"]
[BlackFideId "645346"]
[WhiteElo "2479"]
[BlackElo "2358"]
[WhiteTeam "ISR"]
[BlackTeam "FRA"]
[WhiteClock "0:01:02"]
[BlackClock "0:00:28"]

1. e4 e5 2. Nf3 Nc6 3. Bc4 Bc5 4. c3 Nf6 5. d3 O-O 6. O-O d5 7. exd5 Nxd5 8. Re1 Bg4 9. Nbd2 Nb6 10. Bb3 Qxd3 11. Ne4 Qxd1 12. Bxd1 Be7 13. h3 Bxf3 14. Bxf3 f5 15. Ng5 e4 16. Be2 Rf6 17. Bd1 h6 18. Bb3+ Kh8 19. Nf7+ Kh7 20. Bf4 Na5 21. Ne5 Nxb3 22. axb3 Bd6 23. Bh2 Re8 24. Nc4 Bxh2+ 25. Kxh2 Nxc4 26. bxc4 a6 27. Ra5 f4 28. Rd5 Kg6 29. h4 Rd6 30. Kh3 Rxd5 31. cxd5 Kf5 32. g4+ Ke5 33. Rd1 Rd8 34. c4 b5 35. b3 bxc4 36. bxc4 Rb8 37. g5 h5 38. Ra1 Rb3+ 39. Kg2 Rb2 40. Rxa6 e3 41. Re6+ Kf5 42. Re7 Rxf2+ 43. Kg1 Kg4 44. Rxg7 Kg3 45. Re7 Rc2 46. Kf1 Kf3 47. Kg1 e2 48. g6 Rc1+ 49. Kh2 e1=Q 50. Rxe1 Rxe1 51. g7 Re8 52. c5 Rg8 53. d6 cxd6 54. cxd6 Rxg7 55. d7 Rxd7 0-1

[Event "January 9 Late 2024"]
[Site "https://www.chess.com"]
[Date "2024.01.09"]
[Round "7"]
[White "Nita, Lucian"]
[Black "Czerw, Dawid"]
[Result "1-0"]
[Board "130"]
[TimeControl "180+1"]
[WhiteFideId "1206923"]
[BlackFideId "1145746"]
[WhiteElo "2325"]
[BlackElo "2468"]
[WhiteTeam "ROU"]
[BlackTeam "POL"]
[WhiteClock "0:00:14"]
[BlackClock "0:00:12"]

1. e4 c5 2. d3 Nc6 3. Nd2 g6 4. Ngf3 Bg7 5. Be2 e5 6. O-O Nge7 7. c3 O-O 8. a3 d5 9. b4 d4 10. b5 dxc3 11. Nb1 Nd4 12. Nxc3 a6 13. bxa6 b6 14. Nxd4 exd4 15. Nb1 Bxa6 16. Nd2 f5 17. exf5 Nxf5 18. Ne4 Kh8 19. Bg5 Qd7 20. Qb3 Rab8 21. Rfe1 h6 22. Bf4 Rb7 23. Bg4 h5 24. Bh3 Qc6 25. Ng5 c4 26. dxc4 Bxc4 27. Rac1 b5 28. Qb4 Re8 29. Bd2 Bf8 30. Qb2 Bc5 31. Rxe8+ Qxe8 32. Rxc4 bxc4 33. Qxb7 Ng7 34. Qe4 Qa4 35. Be1 Qd1 36. Qa8+ Ne8 37. Qxe8+ Kg7 38. Qe5+ Kh6 39. Nf3 d3 40. Qxc5 d2 41. Qe3+ g5 42. Qxd2 1-0

[Event "January 9 Late 2024"]
[Site "https://www.chess.com"]
[Date "2024.01.09"]
[Round "7"]
[White "Spichkin, Alexander"]
[Black "Silvestre, Christian"]
[Result "1-0"]
[Board "131"]
[TimeControl "180+1"]
[WhiteFideId "4144074"]
[BlackFideId "30956269"]
[WhiteElo "2467"]
[BlackElo "2305"]
[WhiteTeam "RUS"]
[BlackTeam "USA"]
[WhiteClock "0:01:31"]
[BlackClock "0:00:09"]

1. f4 Nf6 2. Nf3 g6 3. d3 Bg7 4. e4 O-O 5. Be2 d6 6. O-O c5 7. Nc3 b6 8. Qe1 Bb7 9. Qh4 Nc6 10. f5 Nd7 11. Bh6 e6 12. Bg5 f6 13. fxg6 hxg6 14. Bh6 Nde5 15. Nb5 Nxf3+ 16. Bxf3 Nd4 17. Nxd4 cxd4 18. Rf2 Kf7 19. Bxg7 Kxg7 20. Raf1 Qe7 21. e5 Bxf3 22. exd6 Qxd6 23. Rxf3 Rf7 24. Rxf6 Raf8 25. Rxf7+ Rxf7 26. Rxf7+ Kxf7 27. Qh7+ Kf6 28. Qh4+ Kg7 29. Qe4 Qb4 30. c3 Qxb2 31. Qxd4+ Kf7 32. a4 Qc1+ 33. Kf2 Qc2+ 34. Kf3 Qd1+ 35. Kg3 Qe1+ 36. Kh3 Ke7 37. a5 bxa5 38. Qxa7+ Kf6 39. Qd4+ Ke7 40. Qc5+ Kf6 41. g3 Qe5 42. Qf8+ Kg5 43. Qd8+ Kh5 44. Qh4# 1-0